 Dungeon Crawl Stone Soup version 0.30.1-11-g7821555f0a (webtiles) character file.

Game seed: 17105535561253892649

4161 lonewolfV2 the Fighter (level 10, 0/93 HPs)
             Began as a Minotaur Fighter on Nov 10, 2023.
             Was a Follower of Fedhas.
             Slain by Erica
             ... wielding a +4 scimitar of flaming
              (2 damage)
             ... on level 8 of the Dungeon.
             The game lasted 00:14:10 (9599 turns).

lonewolfV2 the Fighter (Minotaur Fighter)           Turns: 9599, Time: 00:14:11

Health: 0/93       AC: 11    Str: 20    XL:     10   Next: 7%
Magic:  15/15      EV: 12    Int:  5    God:    Fedhas [*.....]
Gold:   381        SH: 10    Dex: 15    Spells: 9/9 levels left

rFire   + . .        C - +3 war axe (freeze)
rCold   . . .        c - +0 buckler
rNeg    . . .        G - +0 chain mail
rPois   +            (helmet restricted)
rElec   .            (no cloak)
rCorr   .            t - +1 pair of gloves
SInv    .            (no boots)
Will    .....        j - amulet of reflection Stlth
                     w - ring of protection from fire
HPRegen 0.35/turn    E - ring of poison resistance
MPRegen 0.14/turn

%: reflection
@: mighty, slowed, very slow
A: horns 2, retaliatory headbutt
a: Renounce Religion


You were on level 8 of the Dungeon.
You worshipped Fedhas.
Fedhas was aware of your devotion.
You visited 2 branches of the dungeon, and saw 9 of its levels.
You also visited: Sewer.

You collected 381 gold pieces.

Inventory:

Hand Weapons
 a - a +0 war axe
 i - a +0 flail of protection
 C - a +3 war axe of freezing (weapon)
Missiles
 A - 4 throwing nets (quivered)
Armour
 c - a +0 buckler (worn)
 t - a +1 pair of gloves (worn)
 G - a +0 chain mail (worn)
Jewellery
 g - a ring of willpower
 j - an amulet of reflection (around neck)
 w - a ring of protection from fire (left hand)
 E - a ring of poison resistance (right hand)
 F - a ring of flight
Wands
 o - a wand of acid (8)
 y - a wand of mindburst (7)
 z - a wand of flame (15)
Scrolls
 b - a scroll of identify
 h - 2 scrolls of amnesia
 n - 3 scrolls of teleportation
 v - a scroll of vulnerability
 x - 2 scrolls of fog
 D - a scroll of magic mapping
Potions
 d - 2 potions of might
 e - 5 potions of haste
 f - a potion of magic {unknown}
 k - 3 potions of brilliance {unknown}
 l - 5 potions of lignification {unknown}
 m - a potion of cancellation {unknown}
 p - 2 potions of degeneration {unknown}
 r - a potion of attraction {unknown}
 s - 2 potions of invisibility {unknown}
 u - 2 potions of flight {unknown}
 B - a potion of berserk rage {unknown}
 H - a potion of curing {unknown}


   Skills:
 - Level 10.1 Fighting
 - Level 2.4 Axes
 - Level 3.6 Armour
 * Level 9.8 Dodging
 - Level 3.6 Shields
 - Level 8.4 Invocations


You had 9 spell levels left.
You didn't know any spells.
Your spell library contained the following spells:

 Spells                   Type           Power      Damage    Failure   Level
 Beastly Appendage        Tmut           0%         N/A       99%         1
 Foxfire                  Conj/Fire      0%         2x1d4     99%         1
 Summon Small Mammal      Summ           0%         N/A       99%         1
 Wereblood                Tmut           0%         N/A       100%        2
 Call Canine Familiar     Summ           0%         N/A       100%        3
 Mephitic Cloud           Conj/Pois/Air  0%         N/A       100%        3
 Spider Form              Tmut/Pois      0%         N/A       100%        3
 Summon Guardian Golem    Hex/Summ       0%         N/A       100%        3
 Fulminant Prism          Conj/Hex       0%         3d5       100%        4
 Manifold Assault         Tloc           0%         N/A       100%        4
 Arcjolt                  Conj/Air       0%         1d10      100%        5
 Fireball                 Conj/Fire      0%         3d3       100%        5
 Freezing Cloud           Conj/Ice/Air   0%         6-21      100%        5
 Dispersal                Tloc           0%         N/A       100%        6
 Plasma Beam              Fire/Air       0%         2x1d11    100%        6
 Starburst                Conj/Fire      0%         6d3       100%        6
 Disjunction              Tloc           0%         N/A       100%        8


Dungeon Overview and Level Annotations

Branches:
Dungeon (8/15)             Temple (1/1) D:6           Sewer (visited)
   Lair: D:8-11

Altars:
Ashenzari
Cheibriados
Dithmenos
Elyvilon
Fedhas
Hepliaklqana
Makhleb
Okawaru
Qazlal
Ru
Sif Muna
Trog
Uskayaw
Vehumet
Wu Jian
Xom
Yredelemnul
Zin
The Shining One

Shops:
D:7 ?   D:8 =

Annotations:
D:5 2 transporters, Psyclone's ghost, novice DECj
D:8 Erica


Innate Abilities, Weirdness & Mutations

You have a pair of horns on your head.
You reflexively headbutt those who attack you in melee.


Message History

Erica hits you but does no damage. Erica casts a spell at you.
The lance of force hits you!
You are knocked back by the lance of force.
You slam into the rock wall!
* * * LOW HITPOINT WARNING * * *
Erica misses you. You furiously retaliate!
You headbutt Erica!
Erica gestures wildly while chanting.
Erica flickers and vanishes!
Deactivating autopickup; reactivate with Ctrl-A.
There is an open door here.
You feel much better.
You hear some strange, mumbled words.
Something tries to affect you, but you resist.
You feel very mighty all of a sudden. Something hits you but does no damage.
You hear some strange, mumbled words.
A lance of force appears from out of thin air!
The lance of force hits you!!
You are knocked back by the lance of force.
You slam into the rock wall!
Something barely misses you.
There is an open door here.
You miss something.
You hear some strange, mumbled words.
A lance of force appears from out of thin air!
The lance of force hits you!
* * * LOW HITPOINT WARNING * * *
You are knocked back by the lance of force.
You slam into the rock wall!
* * * LOW HITPOINT WARNING * * *
Something hits you.
* * * LOW HITPOINT WARNING * * *
Something burns you.
* * * LOW HITPOINT WARNING * * *
You slash something! You freeze something. Something hits you!
* * * LOW HITPOINT WARNING * * *
Something burns you.
You die...
Fedhas appreciates your contribution to the ecosystem.

..)####.##.##.##.##.##.##.###.#
....)####...###...###...#####.#
####...#.....#.....#.....#....#
###.'..8..'.....'..8..+...##
###..#.....#.....#.....###.##
#...###...###...###...####..#
#.###.##.##.##.##.##.##.###.#
#.##...#+#...###...#'#...##.#
#.'..⌠..'.....@.....'..⌠..'.#
#.##...###...#'#...###...##.#
#..##.## ##.##.##.## ##.###.#
##.#### ###...### ### ..# ..
#.....# ### ##. +.....+ .
#.....# # ##...## ##.##


There were no monsters in sight!

Vanquished Creatures
  2 slime creatures (D:7)
  A wyvern (D:7)
  2 water moccasins (D:6)
  An acid dragon (D:7)
  2 sky beasts
  3 ice beasts
  A black bear (D:6)
  An orc warrior (D:7)
  2 ogres
  2 centaurs
  A phantom (D:5)
  2 bullfrogs
  3 kobold brigands
  6 scorpions
  11 wights
  3 killer bees (D:8)
  A howler monkey (D:6)
  A human zombie (D:3)
  2 hounds
  3 jellies
  A gnoll bouda (D:5)
  2 orc priests
  A human skeleton (D:3)
  2 iguanas
  2 orc wizards (D:7)
  A sleepcap (D:6)
  A mummy (D:8)
  8 gnolls
  4 river rats (Sewer)
  16 adders
  3 white imps
  2 ufetubi
  2 worms
  A dart slug (D:2)
  33 orcs
  3 bats
  15 endoplasms
  7 giant cockroaches
  7 goblins
  3 hobgoblins
  8 jackals
  2 quokkas
  8 ball pythons
  10 frilled lizards
  2 hobgoblin zombies (D:8)
  20 kobolds
  A kobold zombie (D:8)
  An orc zombie (D:8)
  10 rats
226 creatures vanquished.

Vanquished Creatures (others)
  3 orcs (D:3)
  A quokka (D:3)
4 creatures vanquished.

Grand Total: 230 creatures vanquished

Notes
Turn   | Place    | Note
-------+----------+-------------------------------------------
     0 | D:1      | lonewolfV2 the Minotaur Fighter began the quest for the
                  | Orb.
     0 | D:1      | Reached XP level 1. HP: 19/19 MP: 0/0
   138 | D:1      | Reached skill level 4 in Fighting
   152 | D:1      | Got the Atlas of Injury
   225 | D:1      | Reached XP level 2. HP: 27/27 MP: 1/1
   641 | D:1      | Reached skill level 1 in Invocations
   769 | D:1      | Reached XP level 3. HP: 34/34 MP: 2/2
   927 | D:2      | Reached skill level 5 in Fighting
  1084 | D:2      | Reached XP level 4. HP: 42/42 MP: 4/4
  1397 | D:3      | Found a glowing drain.
  1417 | Sewer    | Entered a sewer
  1553 | Sewer    | Reached XP level 5. HP: 49/50 MP: 4/6
  1669 | Sewer    | Reached skill level 6 in Fighting
  2271 | D:3      | Found a radiant altar of Vehumet.
  2317 | D:3      | Found a runed translucent door.
  2317 | D:3      | Noticed a human
  2334 | D:3      | Found a basalt altar of Yredelemnul.
  2370 | D:3      | Reached XP level 6. HP: 58/58 MP: 7/7
  3345 | D:4      | Reached skill level 7 in Fighting
  3601 | D:4      | Found a shimmering altar of Xom.
  3927 | D:5      | Entered Level 5 of the Dungeon
  3962 | D:5      | Reached XP level 7. HP: 15/66 MP: 9/9
  4193 | D:5      | Reached skill level 5 in Invocations
  4281 | D:5      | Reached skill level 8 in Fighting
  4727 | D:5      | Found a transporter.
  4754 | D:5      | Reached skill level 9 in Fighting
  4754 | D:5      | Reached XP level 8. HP: 44/78 MP: 11/11
  4993 | D:5      | Identified the +4 dire flail of Gehenna {flame, Dex+4}
  4997 | D:5      | Noticed Psyclone's ghost (novice DECj)
  4998 | D:5      | Found a transporter.
  5918 | D:6      | Reached skill level 10 in Fighting
  5952 | D:6      | Reached skill level 1 in Dodging
  5989 | D:6      | Found a staircase to the Ecumenical Temple.
  6006 | D:6      | Reached XP level 9. HP: 52/85 MP: 14/14
  6285 | Temple   | Entered the Ecumenical Temple
  6364 | Temple   | Became a worshipper of Fedhas Madash
  6846 | D:6      | Found a shadowy altar of Dithmenos.
  6935 | D:7      | Found a shimmering blue altar of Sif Muna.
  7313 | D:7      | Found Jaosotuy's Magic Scroll Shoppe.
  7336 | D:7      | Reached skill level 5 in Dodging
  7377 | D:7      | Found a hide-covered altar of Uskayaw.
  7783 | D:7      | Found a sacrificial altar of Ru.
  8338 | D:7      | Reached * piety under Fedhas
  8672 | D:8      | Found Supra's Jewellery Boutique.
  8730 | D:8      | Reached XP level 10. HP: 50/93 MP: 15/15
  9587 | D:8      | Noticed Erica
  9599 | D:8      | HP: 2/93 [something (9)]
  9599 | D:8      | Slain by Erica

Illustrated notes

Levels and vault maps discovered:
D:1:      mrwooster_arrival_statue_2, layout_basic
D:2:      layout_rooms, minmay_misc_feat_five, minmay_misc_feat_columns,
          minmay_misc_feat_rugged
D:3:      layout_loops_ring, vehumet_crystals, dk_yredelemnul_ordeal,
          gup_sewer_entry_pipe
D:4:      layout_basic, lemuel_round_altar, kennysheep_generic_room_6
D:5:      layout_basic, gammafunk_ghost_smash, grunt_ministairs_5,
          serial_bayou_ford_a
D:6:      layout_loops_ring, lemuel_coloured_pillars_altar,
          minmay_temple_entry_junction_2
D:7:      layout_loops_ring, nicolae_sif_muna_little_library, serial_shops,
          shop, hangedman_feature_mirror
D:8:      layout_basic, nicolae_hexahallways, minmay_shop_enchanted_jewellery,
          minmay_mini_ossuary, uniq_erica
Temple:   nicolae_temple_ecumenical_triangle

Skill      XL: |  1  2  3  4  5  6  7  8  9 |
---------------+----------------------------+-----
Fighting       | 4 5 6 7 9 10 | 10.1
Invocations    | 1 2 3 4 6 8 |  8.4
Dodging        | 2 9 |  9.8
Axes           | |  2.4
Armour         | |  3.6
Shields        | |  3.6

Action                     |  1- 3 |  4- 6 |  7- 9 | 10-12 || total
---------------------------+-------+-------+-------+-------++-------
  Melee: War axe           |    32 |       |    70 |    35 ||   137
         Headbutt          |     9 |    31 |    59 |     2 ||   101
         Flail             |    41 |   195 |   216 |       ||   452
    Use: Scroll            |     2 |     9 |     2 |       ||    13
         Potion            |       |       |     2 |     2 ||     4
 Armour: Scale mail        |    29 |   105 |   138 |       ||   272
         Chain mail        |       |       |     4 |     6 ||    10
  Dodge: Dodged            |    42 |   111 |   119 |    18 ||   290
  Block: Buckler           |    25 |    90 |   171 |    20 ||   306
         Reflection        |       |       |     7 |       ||     7
